 Dungeon Crawl Stone Soup version 0.29.1-1-gd02db6906a (webtiles) character file.

Game seed: 11681171033003266481

109 avis the Chiller (level 4, -1/35 HPs)
             Began as a Demigod Ice Elementalist on Sept 26, 2022.
             Slain by Grinder (2 damage)
             ... while paralysed by Grinder
             ... on level 3 of the Dungeon.
             The game lasted 00:15:46 (2321 turns).

avis the Chiller (Demigod Ice Elementalist)         Turns: 2321, Time: 00:15:46

Health: -1/35      AC: 14    Str: 14    XL:     4   Next: 35%
Magic:  9/9        EV:  2    Int: 17    God:
Gold:   110        SH:  0    Dex: 20    Spells: 3/7 levels left

rFire   . . .      SeeInvis .   a - +1 short sword (holy)
rCold   + + .      Faith    .   (no shield)
rNeg    . . .      Spirit   .   x - +2 robe {rC+}
rPois   .          Reflect  +   F - +0 helmet
rElec   .          Harm     .   j - +0 cloak
rCorr   .          Rampage  .   (no gloves)
Will    .....                   t - +1 pair of boots
Stlth   ++........              l - amulet of reflection
HPRegen 0.11/turn               D - ring "Itwo Zest" {*Corrode EV+4 Str+5 Dex+2}
MPRegen 0.11/turn               B - ring of protection from cold

@: paralysed, ice-armoured
A: high MP 1, forlorn, divine attributes
a: no special abilities


You were on level 3 of the Dungeon.
You visited 1 branch of the dungeon, and saw 3 of its levels.

You collected 110 gold pieces.

Inventory:

Hand Weapons
 a - a +1 short sword of holy wrath (weapon)
 b - a +0 sling
Missiles
 c - 5 poisoned darts
Armour
 j - a +0 cloak (worn)
 t - a +1 pair of boots (worn)
 x - a +2 robe of cold resistance (worn)
 F - a +0 helmet (worn)
Jewellery
 l - an amulet of reflection (around neck)
 u - an amulet of the acrobat
 B - a ring of protection from cold (right hand)
 D - the ring "Itwo Zest" (left hand) {*Corrode EV+4 Str+5 Dex+2}
   (You found it on level 3 of the Dungeon)

   [ring of evasion]

   EV:        It affects your evasion (+4).
   Str:       It affects your strength (+5).
   Dex:       It affects your dexterity (+2).
   *Corrode:  It may corrode you when you take damage.
Wands
 s - a wand of iceblast (11)
Scrolls
 d - 2 scrolls of enchant weapon {unknown}
 f - a scroll of fear {unknown}
 h - a scroll of summoning {unknown}
 k - a scroll of acquirement {unknown}
 m - 3 scrolls of identify {unknown}
 n - a scroll of magic mapping {unknown}
 p - 2 scrolls of teleportation {unknown}
 q - a scroll of silence {unknown}
 y - a scroll of butterflies {unknown}
 C - a scroll of poison {unknown}
 E - a scroll of noise {unknown}
Potions
 e - a potion of ambrosia {unknown}
 g - a potion of mutation {unknown}
 o - a potion of flight {unknown}
 r - a potion of magic
 v - a potion of resistance {unknown}
 w - a potion of haste {unknown}
 z - a potion of brilliance {unknown}
 A - a potion of curing {unknown}


   Skills:
 - Level 1.0 Fighting
 * Level 1.6 Ranged Weapons
 - Level 1.7 Dodging
 - Level 1.7 Stealth
 - Level 2.0 Spellcasting
 + Level 4.9 Ice Magic


You had 3 spell levels left.
You knew the following spells:

 Your Spells              Type           Power      Damage    Failure   Level
a - Freeze                Ice            72%        1d9       2%          1
o - Ozocubu's Armour      Ice            18%        N/A       8%          3

Your spell library contained the following spells:

 Spells                   Type           Power      Damage    Failure   Level
 Frozen Ramparts          Ice            36%        1d6       8%          3
 Hailstorm                Conj/Ice       10%        3d5       56%         4


Dungeon Overview and Level Annotations

Branches:
Dungeon (3/15)

Annotations:
D:3 Grinder


Innate Abilities, Weirdness & Mutations

You have an increased reservoir of magic. (+10% MP)
You shall have no god before yourself.
Your divine heritage dramatically boosts your attributes as you level up.


Message History

The sling bullet hits Grinder but does no damage.
Grinder is moderately wounded.
Grinder says, "Tell me all your secrets, or I'll kill you."
Fire: b) +0 sling
Press: ? - help, Q - select action, (/) - cycle Shift-Dir - straight line, f/p - Grinder
Aim: Grinder (moderately wounded, 55% to hit)
You shoot a sling bullet. The sling bullet hits Grinder.
Grinder is moderately wounded.
Grinder blinks!
Your +1 short sword of holy wrath softly glows with a divine radiance!
a - a +1 short sword of holy wrath (weapon)
Grinder hits you but does no damage.
You hit Grinder but do no damage.
Grinder is moderately wounded.
Grinder gestures at you.
You suddenly lose the ability to move!
Grinder hits you but does no damage.
You can move again.
You hit Grinder.
Grinder convulses.
Grinder is heavily wounded.
Grinder gestures at you. Pain shoots through your body!
You closely miss Grinder.
Grinder is heavily wounded.
Grinder barely misses you.
You hit Grinder.
Grinder convulses.
Grinder is heavily wounded.
Grinder gestures at you.
You shrug off the repeated paralysis!
You hit Grinder.
Grinder convulses.
Grinder is severely wounded.
Grinder gestures at you.
You suddenly lose the ability to move!
Grinder gestures at you. Pain shoots through your body!
* * * LOW HITPOINT WARNING * * *
Grinder hits you.
* * * LOW HITPOINT WARNING * * *
You writhe in agony.
You die...

####
#....####.#<#
#
#.#..####.#.#
###
#.........#.#
..#
#.#..#..###.#
#.#
#.#.........#
..# #
#.#########
.##
#.##......##.#
.#
#.##.#5......#
.#
#......@#.####
.###
#.###...#.#
...#
#.........#.#
##.##
###.#...###5.
#..# #......
.. ##.#
#.#.### ###
###.# #.#.
....## #.)...
.....###.#.#.


You could see Grinder.

Vanquished Creatures
  Natasha (D:3)
  Robin (D:3)
  An adder (D:2)
  2 worms
  An orc (D:3)
  2 bats
  4 endoplasms
  3 giant cockroaches
  13 goblins
  6 hobgoblins
  A jackal (D:1)
  4 kobolds
  2 quokkas (D:2)
  3 ball pythons (D:1)
  4 frilled lizards
  8 rats
56 creatures vanquished.

Notes
Turn   | Place    | Note
-------+----------+-------------------------------------------
     0 | D:1      | avis the Demigod Ice Elementalist began the quest for the
                  | Orb.
     0 | D:1      | Reached XP level 1. HP: 14/14 MP: 5/5
   254 | D:1      | Reached skill level 4 in Ice Magic
   294 | D:1      | Reached XP level 2. HP: 20/20 MP: 5/7
  1068 | D:2      | Reached XP level 3. HP: 25/26 MP: 5/8
  1097 | D:2      | Learned a level 3 spell: Ozocubu's Armour
  1913 | D:3      | Noticed Natasha
  1917 | D:3      | Killed Natasha
  1918 | D:3      | Reached skill level 1 in Fighting
  1918 | D:3      | Reached skill level 1 in Ranged Weapons
  1918 | D:3      | Reached XP level 4. HP: 35/35 MP: 6/9
  1969 | D:3      | Identified the ring "Itwo Zest" {*Corrode EV+4 Str+5 Dex+2}
  2072 | D:3      | Noticed Robin
  2090 | D:3      | Killed Robin
  2290 | D:3      | Noticed Grinder
  2314 | D:3      | Paralysed by Grinder for 2 turns
  2319 | D:3      | Paralysed by Grinder for 5 turns
  2321 | D:3      | HP: 1/35 [Grinder (3)]
  2321 | D:3      | Slain by Grinder

Illustrated notes

Levels and vault maps discovered:
D:1:      saegor_arrival_simple_c, layout_rooms, minmay_small_reverse_x
D:2:      layout_rooms
D:3:      layout_basic, mainiacjoe_overflow_paths,
          ebering_ecumenical_altar_rust, corner_web_ring, kennysheep_doodads,
          minivault_4, small_statue_intersection, amcnicky_mini_pool_small,
          uniq_grinder, uniq_natasha, uniq_robin

Skill      XL: |  1  2  3 |
---------------+----------+-----
Spellcasting   | 2 |  2.0
Ice Magic      | 4 |  4.9
Fighting       | 1 |  1.0
Ranged Weapons | 1 |  1.6
Dodging        | |  1.7
Stealth        | |  1.7

Action                   |  1- 3 |  4- 6 || total
-------------------------+-------+-------++-------
Melee: Short sword       |    13 |     9 ||    22
 Fire: Sling             |    27 |    28 ||    55
 Cast: Freeze            |    62 |     6 ||    68
       Ozocubu's Armour  |     1 |     2 ||     3
 Stab: Sleeping          |     6 |       ||     6
Armor: Robe              |    20 |     7 ||    27
Dodge: Dodged            |    38 |     9 ||    47
Block: Other             |     3 |     2 ||     5
       Reflection        |       |     1 ||     1
